 Dungeon Crawl Stone Soup version 0.14-a0-1811-gdc2d5af (webtiles) character file.

190 M4edhros the Shield-Bearer (level 4, -3/31 HPs)
             Began as an Octopode Fighter on Jan 8, 2014.
             Shot with an arrow by a centaur (12 damage)
             ... on Level 3 of the Dungeon.
             The game lasted 00:03:35 (1890 turns).

M4edhros the Shield-Bearer (Octopode Fighter)       Turns: 1890, Time: 00:03:35

HP  -3/31        AC  1     Str 15      XL: 4   Next: 63%
MP   4/4         EV 15     Int 11      God:
Gold 96          SH 19     Dex 11      Spells:  0 memorised,  3 levels left

rFire  + . .     SeeInvis .     a - +0 trident
rCold  x . .     Clarity  .     c - +0 shield
rNeg   . . .     Conserve .     (helmet restricted)
rPois  .         rCorr    .     (no amulet)
rElec  .         rRot     .     j - ring of fire
SustAb . .       Spirit   .     b - +4 ring of evasion
rMut   .         Warding  .     (no ring)
Saprov . . .     Stasis   .     (no ring)
                                (no ring)
                                (no ring)
                                (no ring)
                                (no ring)

@: slightly resistant to hostile enchantments, fairly stealthy
A: almost no armour, amphibious, 8 rings, constrict 8, camouflage 1, gelatinous
body 1
a: no special abilities


You were on level 3 of the Dungeon.
You were not hungry.

You visited 1 branch of the dungeon, and saw 3 of its levels.

You collected 96 gold pieces.

Inventory:

Hand weapons
 a - a +0,+0 trident (weapon)
Armour
 c - a +0 shield (worn)
Comestibles
 d - 2 bread rations
 q - a meat ration
Scrolls
 e - a scroll of magic mapping {unknown}
 f - 2 scrolls of teleportation {unknown}
 h - a scroll of enchant armour {unknown}
 k - a scroll of remove curse {unknown}
 l - 2 scrolls of identify {unknown}
 n - 4 scrolls of amnesia {unknown}
 o - a scroll of immolation {unknown}
Jewellery
 b - a +4 ring of evasion (right tentacle)
 j - a ring of fire (left tentacle)
Potions
 m - a potion of curing


   Skills:
 - Level 3.0 Fighting
 - Level 2.0 Polearms
 - Level 3.0 Dodging
 + Level 5.2 Shields


You had 3 spell levels left.
You didn't know any spells.

Dungeon Overview and Level Annotations

Branches:
Dungeon (3/16)

Altars:
Elyvilon
Nemelex Xobeh

Annotations:
D:3 exclusion: centaur


Innate Abilities, Weirdness & Mutations

You cannot wear most types of armour.
You are amphibious.
You can wear up to eight rings at the same time.
You can use your tentacles to constrict many enemies at once.
Your skin changes colour to match your surroundings (Stlth).
Your rubbery body absorbs attacks (AC +1).


Message History

You constrict the worm. You puncture the worm!
The worm is heavily wounded.
You constrict the worm. You block the worm's attack.
You hit the worm. Your squeeze misses the worm.
The worm is severely wounded.
You constrict the worm. The worm bites you!
You hit the worm.
You kill the worm!
A centaur is nearby!
The centaur shouts!
The centaur wields a bow.
The centaur shoots an arrow.
The arrow hits you!
You see here an arrow.
A centaur is nearby!
The centaur shoots an arrow.
The arrow hits you!
* * * LOW HITPOINT WARNING * * *
You see here an arrow.
The centaur shoots an arrow.
You block the arrow.
The centaur shoots an arrow.
The arrow hits you!
You die...

.. #.##
#...############
#..............
#...#..#@#≈≈≈≈≈≈
#.#.###..#(# ≈≈≈
#........#..≈≈≈≈≈≈≈
##.#####.###≈≈≈≈≈≈ #.#
≈c≈≈≈≈ #.# ≈≈≈≈. ##
#.###≈≈≈≈≈..
...#####...%≈≈≈≈≈.c.≈≈
#.......#.#≈≈≈≈≈≈≈≈≈≈≈


You could see a centaur.

Vanquished Creatures
  4 adders
  2 worms
  A giant gecko (D:2)
  An ooze (D:1)
  4 bats (D:1)
  A goblin (D:1)
  5 hobgoblins
  3 jackals (D:3)
  5 giant cockroaches
  5 giant newts
  6 kobolds
  7 rats
44 creatures vanquished.

Notes
Turn   | Place    | Note
--------------------------------------------------------------
     0 | D:1      | M4edhros, the Octopode Fighter, began the quest for the Orb.
     0 | D:1      | Reached XP level 1. HP: 16/16 MP: 1/1
   152 | D:1      | Reached XP level 2. HP: 18/21 MP: 2/2
   517 | D:1      | Reached skill level 4 in Shields
   676 | D:1      | Reached XP level 3. HP: 22/26 MP: 3/3
  1196 | D:2      | Found a sparkling altar of Nemelex Xobeh.
  1201 | D:2      | Found a white marble altar of Elyvilon.
  1548 | D:3      | Reached XP level 4. HP: 29/31 MP: 4/4
  1593 | D:3      | Reached skill level 5 in Shields
  1739 | D:3      | Noticed a centaur
  1857 | D:3      | Noticed a centaur
  1890 | D:3      | Shot with an arrow by a centaur

Action                   |  1- 3 |  4- 6 || total
-------------------------+-------+-------++-------
Melee: Trident           |    81 |    33 ||   114
  Use: Potion            |     6 |       ||     6
 Stab: Sleeping          |    10 |       ||    10
